 Dungeon Crawl Stone Soup version 0.28-a0-1567-g1695149f81 (webtiles) character file.

Game seed: 16319659501954484962

61 Pin the Chopper (level 4, -26/41 HPs)
             Began as a Hill Orc Monk on Jan 20, 2022.
             Was a Priest of Wu Jian.
             Annihilated by an ogre (27 damage)
             ... on level 2 of the Dungeon.
             The game lasted 00:02:49 (2488 turns).

Pin the Chopper (Hill Orc Monk)                     Turns: 2488, Time: 00:02:49

Health: -26/41     AC:  2    Str: 15    XL:     4   Next: 7%
Magic:  4/4        EV: 12    Int: 10    God:    Wu Jian [***...]
Gold:   68         SH:  0    Dex: 13    Spells: 3/3 levels left

rFire   + . .      SeeInvis .   a - +0 hand axe
rCold   + . .      Faith    .   h - orb {mayhem}
rNeg    . . .      Spirit   .   b - +0 robe
rPois   .          Reflect  .   (no helmet)
rElec   .          Harm     .   m - scarf {rC+ rF+}
rCorr   .          Rampage  .   (no gloves)
Will    .....                   (no boots)
Stlth   ++........              (no amulet)
HPRegen 0.13/turn               (no ring)
MPRegen 0.09/turn               (no ring)

@: no status effects
A: no striking features
a: Renounce Religion, Wall Jump, Serpent's Lash


You were on level 2 of the Dungeon.
You worshipped Wu Jian.
Wu Jian was most pleased with you.
You visited 1 branch of the dungeon, and saw 2 of its levels.

You collected 68 gold pieces.

Inventory:

Hand Weapons
 a - a +0 hand axe (weapon)
Armour
 b - a +0 robe (worn)
 h - an orb of mayhem (worn)
 m - a scarf of resistance (worn)
Scrolls
 c - a scroll of teleportation {unknown}
 d - a scroll of blinking {unknown}
 g - a scroll of amnesia {unknown}
 l - a scroll of fear {unknown}
 n - a scroll of noise {unknown}
Potions
 e - a potion of curing {unknown}
 f - a potion of magic {unknown}
 i - a potion of heal wounds {unknown}
 j - a potion of attraction {unknown}
 k - a potion of degeneration {unknown}
 o - a potion of might {unknown}


   Skills:
 + Level 4.4 Fighting
 + Level 5.0 Axes
 + Level 2.0 Armour
 - Level 2.4 Dodging
 - Level 1.5 Stealth


You had 3 spell levels left.
You didn't know any spells.
Your spell library contained the following spells:

 Spells                   Type           Power      Damage    Failure   Level
 Shock                    Conj/Air       0%         1d3       36%         1


Dungeon Overview and Level Annotations

Branches:
Dungeon (2/15)

Altars:
Wu Jian


Message History

You barely miss the kobold. The kobold completely misses you.
You hit the ogre.
The ogre is moderately wounded.
You hit the ball python but do no damage.
You completely miss the kobold. The ogre closely misses you.
The ball python bites you. The ball python closely misses you.
The kobold hits you with a +0 dagger.
You hit the ogre.
The ogre is heavily wounded.
You hit the kobold.
You kill the kobold!
The Council accepts your kill.
You closely miss the ball python. The ball python barely misses you.
The ball python grabs you. The ball python constricts you.
The ogre hits you with a +0 giant club!
Your Axes skill increases to level 5!
You closely miss the ball python. You hit the ogre.
The ball python bites you but does no damage.
The ball python constricts you. The ogre barely misses you.
The ball python bites you. The ball python constricts you.
You hit the ball python but do no damage.
You barely miss the ogre. The ball python bites you.
The ball python constricts you. The ogre hits you with a +0 giant club!
* * * LOW HITPOINT WARNING * * *
You are too injured to fight recklessly!
You escape the ball python's grasp.
The ball python bites you.
* * * LOW HITPOINT WARNING * * *
The ball python barely misses you.
You barely miss the ball python. The ball python closely misses you.
The ball python grabs you. The ball python constricts you.
You escape the ball python's grasp.
You hit the ball python.
The ball python is severely wounded.
You hit the ogre. The ball python bites you.
* * * LOW HITPOINT WARNING * * *
The ball python barely misses you.
The ogre hits you with a +0 giant club!!
Ouch! That really hurt!
You die...

....#######'###≈###############..
###.# #.....#≈#..# #######..
..#.# #.....#≈#..# #........
#.#.# #.....###..# #.#######
#...# #..........# ###.#######
##..# #..........# #.........#
....# #..........# #.........#
###.#####.(......O.####......?..#
#...............@S.........)....#
#.#..###.†..............####.....
#.##.# #................# ..... #
#.# #...........###### ....$ #
#.. #.............# ..... #
##.##.........†...# ..... #
.##.............# .....
..#.....<....†..# #.............#


You could see an ogre and a ball python.

Vanquished Creatures
  A gnoll (D:1)
  A dart slug (D:1)
  5 ball pythons
  5 endoplasms
  2 giant cockroaches
  A goblin (D:1)
  4 hobgoblins
  10 jackals (D:1)
  2 quokkas (D:1)
  2 bats (D:2)
  3 frilled lizards (D:1)
  3 kobolds
  5 rats
44 creatures vanquished.

Notes
Turn   | Place    | Note
-------+----------+-------------------------------------------
     0 | D:1      | Pin the Hill Orc Monk began the quest for the Orb.
     0 | D:1      | Reached XP level 1. HP: 19/19 MP: 1/1
   630 | D:1      | Reached XP level 2. HP: 21/27 MP: 2/2
   713 | D:1      | Reached skill level 1 in Armour
  1164 | D:1      | Found a faded altar of an unknown god.
  1172 | D:1      | Got Plato's Catalogue of Arcane Weapons
  1185 | D:1      | Prayed at the altar of an unknown god.
  1185 | D:1      | Became a worshipper of the Wu Jian Council
  1185 | D:1      | Reached * piety under Wu Jian
  1185 | D:1      | Reached ** piety under Wu Jian
  1205 | D:1      | Reached XP level 3. HP: 18/33 MP: 3/3
  1217 | D:1      | Reached *** piety under Wu Jian
  2308 | D:2      | Reached XP level 4. HP: 40/41 MP: 4/4
  2381 | D:2      | Identified the +7 dagger of Cataclysm {drain, +Blink rN+}
  2466 | D:2      | Noticed an ogre
  2474 | D:2      | Reached skill level 5 in Axes
  2475 | D:2      | HP: 2/41 [ogre (17)]
  2481 | D:2      | HP: 2/41 [ball python (1)]
  2488 | D:2      | HP: 1/41 [ball python (2)]
  2488 | D:2      | Annihilated by an ogre

Illustrated notes

Levels and vault maps discovered:
D:1:      dpeg_cavernosity, layout_basic, shapermc_ecumenical_altar_rom_forum
D:2:      layout_basic, chequers_serial_rivers_micro_a

Skill      XL: |  1  2  3  4 |
---------------+-------------+-----
Armour         | 1 2 |  2.0
Fighting       | 4 |  4.4
Axes           | 5 |  5.0
Dodging        | |  2.4
Stealth        | |  1.5

Action                   |  1- 3 |  4- 6 || total
-------------------------+-------+-------++-------
Melee: Hand axe          |   127 |    21 ||   148
       Punch             |     1 |       ||     1
Invok: Lunge             |     4 |     3 ||     7
       Whirlwind         |     1 |       ||     1
 Stab: Sleeping          |     6 |       ||     6
Armor: Robe              |    15 |     5 ||    20
Dodge: Dodged            |    72 |    21 ||    93

Table legend: (Time is in decaauts)
 A = Elapsed time spent in this place.
 B = Non-inter-level travel time spent in this place.
 C = Inter-level travel time spent in this place.
 D = Time resting spent in this place.
 E = Time spent auto-exploring this place.
 F = Levels seen in this place.
 G = Mean time per level.
                   A        B        C        D        E       F      G
               +--------+--------+--------+--------+--------+-----+--------+
         Total |   2499 |   2427 |     72 |    291 |   1768 |   2 | 1249.5 |
       Dungeon |   2499 |   2427 |     72 |    291 |   1768 |   2 | 1249.5 |
               +--------+--------+--------+--------+--------+-----+--------+

Top non-repeatable levels by time:
     D:1: 2158 daAuts
     D:2: 341 daAuts
